[Event "*** Titled Tuesday Blitz"]
[Site "Chess.com"]
[Date "2020.03.03"]
[Round "8"]
[White "malandragem"]
[Black "rpragchess"]
[Result "0-1"]
[WhiteElo "2599"]
[BlackElo "2787"]
[TimeControl "180+1"]
[EndTime "10:26:38 PST"]
[Termination "rpragchess won by resignation"]

1. e4 c5 2. Nc3 Nc6 3. g3 g6 4.
Bg2 Bg7 5. d3 d6 6. Nge2 Rb8 7.
Bg5 b5 8. Qd2 b4 9. Nd1 Nf6 10. h3 O-O 11. Rb1 a5 12. O-O Ba6 13.
Ne3 Nd7 14. Nd5 Nb6 15. Nxb6 Rxb6 16. Bh6 c4 17. Bxg7 Kxg7 18. Rfe1 cxd3 19. cxd3 Rb8 20.
d4 Bxe2 21. Rxe2 Qb6 22. Rd1 Rbc8 23. h4 e5 24. dxe5 dxe5 25. h5 Nd4 26. h6+ Kg8 27. Ree1 Rc2 28. Qg5 Nf3+ 0-1

[Event "*** Titled Tuesday Blitz"]
[Site "Chess.com"]
[Date "2020.03.03"]
[Round "8"]
[White "HarryCun"]
[Black "NguyenHlb"]
[Result "0-1"]
[WhiteElo "2119"]
[BlackElo "2292"]
[TimeControl "180+1"]
[EndTime "10:26:43 PST"]
[Termination "NguyenHlb won by resignation"]

1. d4 Nf6 2. c4 e6 3. Nf3 b6 4.
g3 Bb7 5. Bg2 c5 6. O-O cxd4 7.
Nxd4 Bxg2 8. Kxg2 Bc5 9. Nc3 O-O 10. Bg5 Be7 11. e4 h6 12. Be3 d6 13. h3 a6 14. f4 Qc7 15. Qd3 Nbd7 16. Rac1 Rfc8 17. b3 Qb7 18. Nf3 Rab8 19. Rfd1 b5 20. cxb5 axb5 21.
b4 Rc4 22. Nd2 Rxb4 23. a3 Rb2 24. Kg1 Nc5 25. Bxc5 dxc5 26. e5 Rd8 27. Qe3 Nd5 28. Nxd5 Qxd5 29. Qc3 Rxd2 30. Rxd2 Qxd2 31. Qxd2 Rxd2 0-1

[Event "*** Titled Tuesday Blitz"]
[Site "Chess.com"]
[Date "2020.03.03"]
[Round "8"]
[White "Msb2"]
[Black "ckgchess"]
[Result "1-0"]
[WhiteElo "2868"]
[BlackElo "2695"]
[TimeControl "180+1"]
[EndTime "10:26:45 PST"]
[Termination "Msb2 won by resignation"]

1. d4 Nf6 2. Nf3 d5 3. Bf4 c5 4.
e3 Nc6 5. Nbd2 Qb6 6. dxc5 Qxc5 7. c3 Bf5 8. Qb3 Na5 9. Qb4 Qxb4 10. cxb4 e5 11. Bxe5 Bxb4 12. Bxf6 gxf6 13. Nd4 Be6 14. a3 Bxd2+ 15. Kxd2 Rc8 16. Bb5+ Ke7 17. Rac1 Rxc1 18. Rxc1 Rc8 19. Rxc8 Bxc8 20. b4 Nc6 21. Bxc6 bxc6 22.
Nxc6+ Kd6 23. Nxa7 Bd7 24. b5 Kc5 25. a4 Kb4 26. b6 1-0

[Event "*** Titled Tuesday Blitz"]
[Site "Chess.com"]
[Date "2020.03.03"]
[Round "8"]
[White "NM2019"]
[Black "Sjakkerntobi"]
[Result "1-0"]
[WhiteElo "2026"]
[BlackElo "2249"]
[TimeControl "180+1"]
[EndTime "10:26:51 PST"]
[Termination "NM2019 won by resignation"]

1. c4 c5 2. Nc3 g6 3. Nf3 Bg7 4. d4 Nc6 5. d5 Nd4 6. e3 Nxf3+ 7. Qxf3 Nf6 8. e4 d6 9. Bd3 Bg4 10. Qg3 h5 11. f3 h4 12. Qf2 Bd7 13. Be3 h3 14. g3 a6 15. O-O Nh5 16. Be2 Be5 17. f4 Bg7 18. e5 dxe5 19. fxe5 f5 20. e6 Bc8 21. Bxc5 Qc7 22. Rad1 Be5 23. Bb6 Qb8 24. c5 O-O 25. Bxh5 gxh5 26. Qf3 h4 27. Ne4 hxg3 28. Nxg3 Bxg3 29. Qxg3+ Kh7 30. Qxh3+ Kg7 31. Rxf5 1-0

[Event "*** Titled Tuesday Blitz"]
[Site "Chess.com"]
[Date "2020.03.03"]
[Round "8"]
[White "secretsuperstar7"]
[Black "TreinadorBR"]
[Result "0-1"]
[WhiteElo "2191"]
[BlackElo "2414"]
[TimeControl "180+1"]
[EndTime "10:26:51 PST"]
[Termination "TreinadorBR won by resignation"]

1. d4 Nf6 2. c4 c5 3. d5 e6 4.
Nc3 exd5 5. cxd5 d6 6. e4 g6 7.
Bd3 Bg7 8. Nf3 O-O 9. h3 b5 10.
Nxb5 Nxe4 11. O-O Ba6 12. Qa4 Qb6 13. Qxe4 Bxb5 14. Bxb5 Qxb5 15. Rb1 Re8 16. Qh4 Nd7 17. Bh6 Bf6 18. Bg5 Bh8 19. Bf4 Re4 20. Ng5 Nf6 21. Nxe4 Nxe4 22. Rfe1 Bf6 23. Qg4 Bg7 24. Qf3 f5 25.
Qd3 Qxd3 0-1

[Event "*** Titled Tuesday Blitz"]
[Site "Chess.com"]
[Date "2020.03.03"]
[Round "8"]
[White "IMRosen"]
[Black "WeAintSurePal"]
[Result "1-0"]
[WhiteElo "2502"]
[BlackElo "2309"]
[TimeControl "180+1"]
[EndTime "10:27:03 PST"]
[Termination "IMRosen won by resignation"]

1. d4 c6 2. Bf4 d5 3. Nd2 Nf6 4. Ngf3 g6 5. e3 Bg7 6. h3 O-O 7. Be2 Nbd7 8. O-O Re8 9. Bh2 e6 10. c4 Ne4 11. Nxe4 dxe4 12. Nd2 f5 13. c5 e5 14. Nc4 exd4 15. Nd6 Rf8 16. Bc4+ Kh8 17. exd4 Qe7 18. Qb3 Bxd4 19. Nxc8 Raxc8 20. Bd6 Nxc5 21. Bxe7 Nxb3 22. axb3 Rfe8 23. Bg5 a6 24. Rad1 c5 25. Rxd4 1-0

[Event "*** Titled Tuesday Blitz"]
[Site "Chess.com"]
[Date "2020.03.03"]
[Round "8"]
[White "mitraasz"]
[Black "GMKrikor"]
[Result "0-1"]
[WhiteElo "2150"]
[BlackElo "2803"]
[TimeControl "180+1"]
[EndTime "10:27:16 PST"]
[Termination "GMKrikor won by resignation"]

1. d4 Nf6 2. Nf3 d5 3. e3 g6 4.
c4 Bg7 5. Nc3 O-O 6. b4 a5 7. b5 c5 8. Be2 cxd4 9. exd4 dxc4 10. O-O Nbd7 11. Bxc4 Nb6 12. Bd3 Be6 13. Bf4 Rc8 14. Na4 Nbd5 15. Be5 Nb4 16. Be2 b6 17. a3 Nbd5 18. Qd3 Bh6 19. Bxf6 exf6 20. Nb2 Bf5 21. Qd1 Nc3 22. Qe1 Re8 23. Kh1 Rxe2 0-1

[Event "*** Titled Tuesday Blitz"]
[Site "Chess.com"]
[Date "2020.03.03"]
[Round "8"]
[White "GianmarcoVaR"]
[Black "ajian"]
[Result "1-0"]
[WhiteElo "2554"]
[BlackElo "2296"]
[TimeControl "180+1"]
[EndTime "10:27:17 PST"]
[Termination "GianmarcoVaR won by resignation"]

1. d4 Nf6 2. c4 e6 3. g3 d5 4. Nf3 dxc4 5. Bg2 a6 6. O-O Nbd7 7. a4 c5 8. Na3 b5 9. Ne5 Nd5 10. Rb1 Nxe5 11. dxe5 Rb8 12. e4 Nb4 13. Qg4 g6 14.
Bg5 Be7 15. Bh6 Nd3 16. Rbd1 Bd7 17. axb5 axb5 18. Nc2 Nxe5 19. Qf4 Bf6 20. h4 Qe7 21. Bg5 Bxg5 22. Qxe5 O-O 23. hxg5 Rfc8 24. Ne3 Qe8 25.
Ng4 h5 26. Nf6+ 1-0

[Event "*** Titled Tuesday Blitz"]
[Site "Chess.com"]
[Date "2020.03.03"]
[Round "8"]
[White "karwowskikacper"]
[Black "Boorchess"]
[Result "1-0"]
[WhiteElo "2379"]
[BlackElo "2505"]
[TimeControl "180+1"]
[EndTime "10:27:17 PST"]
[Termination "karwowskikacper won by resignation"]

1. e4 e6 2. d3 c5 3. g3 Nc6 4. Bg2 h5 5. h4 Nf6 6. Nd2 d5 7. Ngf3 Be7 8. O-O b5 9. e5 Nd7 10. Re1 Bb7 11. Nf1 Qb6 12. Bg5 O-O-O 13. Bxe7 Nxe7 14. Ng5 Rdf8 15. c3 a5 16. Bh3 Kb8 17.
d4 g6 18. Ne3 Nf5 19. Nxf5 gxf5 20. a3 cxd4 21. cxd4 Ka7 22. Rc1 Nb8 23. Re2 Nc6 24.
Rd2 Rh6 25. Bf1 Rhh8 26. Be2 Ba6 27. Bxh5 Nxd4 28. Bxf7 Rxf7 29. Nxf7 Rf8 30. Rxd4 Rxf7 31. b4 f4 32. Rc5 fxg3 33. fxg3 Qd8 34. Qg4 Qf8 35.
Rf4 d4 36. Rc7+ Rxc7 37. Rxf8 d3 38. Qd4+ 1-0

[Event "*** Titled Tuesday Blitz"]
[Site "Chess.com"]
[Date "2020.03.03"]
[Round "8"]
[White "DonBroca"]
[Black "Funkmaus"]
[Result "0-1"]
[WhiteElo "2055"]
[BlackElo "2208"]
[TimeControl "180+1"]
[EndTime "10:27:17 PST"]
[Termination "Funkmaus won by checkmate"]

1. e4 c6 2. d4 d5 3. Nc3 dxe4 4. Nxe4 Nf6 5. Nxf6+ exf6 6. Nf3 Bd6 7. Bd3 Bg4 8. O-O O-O 9. c4 Nd7 10. Be3 Re8 11. Qc2 Bxf3 12. Bxh7+ Kh8 13. gxf3 g6 14. Bxg6 fxg6 15. Kh1 Nf8 16. Rg1 Qe7 17. Bh6 Qh7 18. Qd2 g5 19. Rg2 Qxh6 20. Rag1 Ng6 21. c5 Bc7 22. d5 Be5 23. dxc6 bxc6 24. Qd7 Nh4 25. Rg4 Nxf3 26. R1g3 Bxg3 27. Rxg3 Qxh2# 0-1

[Event "*** Titled Tuesday Blitz"]
[Site "Chess.com"]
[Date "2020.03.03"]
[Round "8"]
[White "Jumbo"]
[Black "wonderfultime"]
[Result "0-1"]
[WhiteElo "2748"]
[BlackElo "3016"]
[TimeControl "180+1"]
[EndTime "10:27:26 PST"]
[Termination "wonderfultime won by resignation"]

1. d4 d5 2. c4 c6 3. Nf3 Nf6 4.
Qb3 dxc4 5. Qxc4 Bg4 6. Nbd2 Nbd7 7. Qb3 Qb6 8. Nc4 Qc7 9. g3 Bxf3 10. Qxf3 Nb6 11.
Ne5 e6 12. Qb3 Rd8 13. e3 Be7 14. Bg2 O-O 15. Bd2 Nfd7 16. Nxd7 Nxd7 17. O-O e5 18.
Rac1 exd4 19. exd4 Qb6 20. Qa4 Nf6 21. Ba5 Rxd4 22. b4 Qa6 23. Rfe1 Bxb4 0-1

[Event "*** Titled Tuesday Blitz"]
[Site "Chess.com"]
[Date "2020.03.03"]
[Round "8"]
[White "ZEN-22"]
[Black "Zarikovs1999"]
[Result "1-0"]
[WhiteElo "2263"]
[BlackElo "2336"]
[TimeControl "180+1"]
[EndTime "10:27:41 PST"]
[Termination "ZEN-22 won by checkmate"]

1. e3 e5 2. Ne2 Nf6 3. d4 Nc6 4. Nbc3 Bd6 5. Nb5 Bb4+ 6. c3 Be7 7. d5 Nb8 8. d6 cxd6 9. Nxd6+ Bxd6 10. Qxd6 Nc6 11.
Ng3 g6 12. b3 Qe7 13. Ba3 Qxd6 14. Bxd6 h5 15. Bd3 b6 16. Ne4 Nxe4 17. Bxe4 Bb7 18.
Bxe5 Nxe5 19. Bxb7 Rb8 20. Bd5 Ke7 21. Ke2 Rhc8 22.
Rac1 d6 23. h3 b5 24. Rhd1 a5 25. f4 Nd7 26. c4 bxc4 27. Rxc4 Nb6 28. Rxc8 Rxc8 29.
Be4 a4 30. Kd2 f5 31. Bc2 Rc5 32. bxa4 Nc4+ 33. Ke2 Nxe3 34. Kxe3 Rxc2 35. Rd2 Rc4 36. Rd4 Rc2 37. a3 Rxg2 38. Rd3 Rc2 39. Kd4 Kd7 40. Rg3 Re2 41. Rxg6 Re4+ 42. Kd5 Rxa4 43. Rg7+ Ke8 44. Ke6 Kf8 45. Rf7+ Ke8 46. Rxf5 Rxa3 47. Rxh5 Rf3 48. Rh8# 1-0

[Event "*** Titled Tuesday Blitz"]
[Site "Chess.com"]
[Date "2020.03.03"]
[Round "8"]
[White "Ovsiannikov_Maxim"]
[Black "viktorko131"]
[Result "1-0"]
[WhiteElo "2214"]
[BlackElo "2089"]
[TimeControl "180+1"]
[EndTime "10:27:41 PST"]
[Termination "Ovsiannikov_Maxim won on time"]

1. d4 Nf6 2. Bg5 g6 3. Bxf6 exf6 4. h4 Bg7 5. Nh3 O-O 6. Nf4 d5 7. e3 Re8 8. Bd3 Nd7 9. Nd2 c6 10. Qf3 f5 11. O-O-O Nf6 12. h5 c5 13. hxg6 hxg6 14. dxc5 Qa5 15. Kb1 Qxc5 16. Nb3 Qb6 17. Nxd5 Nxd5 18. Qxd5 Be6 19. Qc5 Bxb3 20. Qxb6 Bxa2+ 21. Kxa2 axb6+ 22. Kb1 Ra5 23. c3 b5 24. Kc2 b4 25.
Ra1 Rxa1 26. Rxa1 bxc3 27. bxc3 Rc8 28. Ra3 b6 29. Rb3 Rc6 30. c4 Rd6 31. Rb5 Kf8 32. Rd5 Rc6 33. Kb3 Ke7 34. Ka4 1-0

[Event "*** Titled Tuesday Blitz"]
[Site "Chess.com"]
[Date "2020.03.03"]
[Round "8"]
[White "FedaMaster"]
[Black "FearNoEvil12"]
[Result "1-0"]
[WhiteElo "2423"]
[BlackElo "1992"]
[TimeControl "180+1"]
[EndTime "10:27:45 PST"]
[Termination "FedaMaster won on time"]

1. e4 a6 2. d4 b5 3. Bd3 Bb7 4. Nf3 e6 5. O-O Nf6 6. e5 Nd5 7.
Ng5 Qe7 8. Nxh7 Nc6 9. Bg5 f6 10. Bg6+ Kd8 11. Bh4 Rxh7 12. Bxh7 g5 13. exf6 Qxh7 14.
Bxg5 Kc8 15. a4 Qg6 16. h4 Nxf6 17. axb5 axb5 18. Rxa8+ Bxa8 19. Qe1 Nxd4 20. Qe5 Qe4 21. Qxe4 Nxe4 22. c3 Ne2+ 23. Kh2 Bd6+ 24. g3 N2xg3 25. fxg3 Nxg3 26. Rf7 Ne2+ 27. Kh3 Be4 28. Nd2 Bf5+ 29. Kg2 Kb7 30. h5 Nf4+ 31. Bxf4 Bxf4 32. Nf3 d5 33.
Nd4 Be4+ 34. Kf2 Kb6 35. Rxf4 1-0

[Event "*** Titled Tuesday Blitz"]
[Site "Chess.com"]
[Date "2020.03.03"]
[Round "8"]
[White "Komissarov_alex"]
[Black "Ariadna_Atreides"]
[Result "1-0"]
[WhiteElo "1775"]
[BlackElo "2103"]
[TimeControl "180+1"]
[EndTime "10:27:46 PST"]
[Termination "Komissarov_alex won by resignation"]

1. d4 e6 2. Nf3 c5 3. e3 Nf6 4. Nbd2 d5 5. c3 Nc6 6. Bd3 a6 7. O-O Bd6 8. dxc5 Bxc5 9. b4 Ba7 10.
Bb2 O-O 11. Qb1 e5 12. e4 d4 13. b5 axb5 14. Bxb5 dxc3 15. Bxc3 Bd7 16. Bxc6 Bxc6 17.
Nxe5 Bd4 18. Nxc6 bxc6 19. Qc2 c5 20. Bxd4 cxd4 21. e5 Nd5 22. Nf3 Nf4 23. Qe4 Qg5 24.
Nxg5 1-0

[Event "*** Titled Tuesday Blitz"]
[Site "Chess.com"]
[Date "2020.03.03"]
[Round "8"]
[White "afgano29"]
[Black "Dixit_Nikhil"]
[Result "0-1"]
[WhiteElo "2702"]
[BlackElo "2570"]
[TimeControl "180+1"]
[EndTime "10:27:48 PST"]
[Termination "Dixit_Nikhil won by resignation"]

1. d4 Nf6 2. c4 g6 3. Nc3 Bg7 4. Nf3 d6 5. e4 O-O 6. Be2 e5 7. O-O exd4 8. Nxd4 Re8 9. f3 Nc6 10. Be3 Nh5 11. Qd2 Nf4 12. Rfd1 Nxd4 13. Bxd4 Qg5 14.
Bf1 Be5 15. Nd5 Bxd4+ 16. Qxd4 Nxd5 17. Qxd5 Qe7 18. Rac1 Be6 19. Qxb7 Rab8 20. Qxa7 Rxb2 21. Qa3 Reb8 22. Rc3 Qg5 23. Kh1 h5 24. Qa7 h4 25.
Qxc7 h3 26. g3 Rxh2+ 27. Kxh2 Rb2+ 28. Kh1 Qxg3 29. Qb8+ Rxb8 0-1

[Event "*** Titled Tuesday Blitz"]
[Site "Chess.com"]
[Date "2020.03.03"]
[Round "8"]
[White "Manukyan_Artak"]
[Black "albi1999"]
[Result "0-1"]
[WhiteElo "2424"]
[BlackElo "2597"]
[TimeControl "180+1"]
[EndTime "10:27:51 PST"]
[Termination "albi1999 won by resignation"]

1. e4 c6 2. d4 d5 3. e5 Bf5 4. c4 e6 5. Nc3 Nd7 6. Nf3 h6 7.
cxd5 cxd5 8. Bd3 Bxd3 9. Qxd3 Ne7 10. O-O Nc6 11. a3 Be7 12. b4 Nb6 13. Be3 Rc8 14.
Rfc1 O-O 15. Nd2 Qd7 16. f4 f6 17. Nb3 fxe5 18. fxe5 Nc4 19. Rf1 Rxf1+ 20. Rxf1 Rf8 21. Rxf8+ Bxf8 22. b5 Nd8 23. a4 b6 24. Nd2 Nxd2 25. Bxd2 Nb7 26. Ne2 Qc7 27. Nf4 Nd8 28. h4 Be7 29. h5 Bg5 30. Ng6 Bxd2 31. Qxd2 Nf7 32. Qb4 Qd8 33. Qe7 Qxe7 34. Nxe7+ Kf8 35. Nc8 Ke8 36. Nxa7 Kd7 37. Nc6 Ng5 38. a5 bxa5 39. Nxa5 Kc7 40. Kf2 Kb6 41. Nc6 Kxb5 42. Nd8 Kb6 43.
Ke3 Kc7 44. Nxe6+ Nxe6 0-1

[Event "*** Titled Tuesday Blitz"]
[Site "Chess.com"]
[Date "2020.03.03"]
[Round "8"]
[White "Art_Vandelay1980"]
[Black "DishonorOnYourCow"]
[Result "0-1"]
[WhiteElo "2748"]
[BlackElo "2330"]
[TimeControl "180+1"]
[EndTime "10:27:55 PST"]
[Termination "DishonorOnYourCow won by resignation"]

1. e4 e5 2. Nf3 Nc6 3. Bb5 Nf6 4. d3 Bc5 5. Bxc6 dxc6 6. Nbd2 Nd7 7. O-O O-O 8. Nb3 Bd6 9. d4 exd4 10. Nbxd4 Re8 11. Re1 Ne5 12. h3 c5 13. Nxe5 cxd4 14.
Nc4 Bb4 15. Bd2 Bxd2 16. Qxd2 Be6 17. Na5 Rb8 18. b4 Qd7 19. Nb3 Bxb3 20. axb3 a6 21. c3 Qe6 22. Qxd4 Qxb3 23. Rad1 h6 24. Rd3 Qe6 25.
f3 Qe7 26. Red1 Rbc8 27. Qd5 c5 28. Qb3 c4 0-1

[Event "*** Titled Tuesday Blitz"]
[Site "Chess.com"]
[Date "2020.03.03"]
[Round "8"]
[White "Abdimalik_Abdisalimov"]
[Black "Gordima"]
[Result "1-0"]
[WhiteElo "2831"]
[BlackElo "2777"]
[TimeControl "180+1"]
[EndTime "10:27:58 PST"]
[Termination "Abdimalik_Abdisalimov won on time"]

1. Nf3 d5 2. d4 Nf6 3. c4 e6 4.
g3 dxc4 5. Bg2 a6 6. Ne5 c5 7.
Nxc4 cxd4 8. Bd2 Nd5 9. O-O Nc6 10. e4 Nf6 11. e5 Nd5 12. Re1 Be7 13. Qg4 Kf8 14.
Nba3 b5 15. Nd6 Nxe5 16. Rxe5 Bxd6 17. Rg5 h6 18. Rh5 Bxa3 19. bxa3 Nf6 20. Qh4 Ra7 21. Rc5 Bb7 22. Rac1 Qd6 23. Bb4 1-0

[Event "*** Titled Tuesday Blitz"]
[Site "Chess.com"]
[Date "2020.03.03"]
[Round "8"]
[White "korbul"]
[Black "JakeCarlosBanawa"]
[Result "1/2-1/2"]
[WhiteElo "2535"]
[BlackElo "2402"]
[TimeControl "180+1"]
[EndTime "10:28:00 PST"]
[Termination "Game drawn - insufficient material"]

1. d4 Nf6 2. Nf3 e6 3. Bf4 c5 4. Nc3 d5 5. e3 Bd6 6. Ne5 O-O 7.
Nb5 Be7 8. c3 a6 9. Na3 b5 10.
Nc2 Nfd7 11. Bd3 Nxe5 12. dxe5 Nc6 13. Qh5 g6 14. Qe2 c4 15. Nd4 Nxd4 16. exd4 cxd3 17. Qxd3 Bg5 18. Bxg5 Qxg5 19. h4 Qf5 20. Qe3 Qe4 21. Qxe4 dxe4 22. h5 f6 23. hxg6 hxg6 24. exf6 Rxf6 25.
Rh4 Bb7 26. Rd1 Raf8 27. Rd2 e3 28. fxe3 Rf1+ 29. Ke2 R8f2+ 30. Kd3 Rxd2+ 31. Kxd2 Rf2+ 32. Kd3 Rxb2 33. e4 Rxg2 34. a4 g5 35. Rh6 Rg3+ 36.
Kd2 Bxe4 37. Rxe6 Bd5 38. Rxa6 Bc4 39. axb5 Bxb5 40. Ra7 g4 41. Rb7 Bd3 42. d5 Be4 43.
c4 Rd3+ 44. Ke2 g3 45. Re7 Bf5 46. Re5 Bh7 47. Rg5+ Kf8 48. c5 Be4 49. c6 Rxd5 50. Rxd5 Bxd5 51. c7 Bb7 52. c8=Q+ Bxc8 53. Kf3 g2 54. Kxg2 1/2-1/2

[Event "*** Titled Tuesday Blitz"]
[Site "Chess.com"]
[Date "2020.03.03"]
[Round "8"]
[White "VALPARAISO37"]
[Black "doons21"]
[Result "0-1"]
[WhiteElo "2408"]
[BlackElo "2596"]
[TimeControl "180+1"]
[EndTime "10:28:01 PST"]
[Termination "doons21 won by checkmate"]

1. d4 Nf6 2. c4 g6 3. Nc3 Bg7 4. e4 d6 5. f3 O-O 6. Be3 Nbd7 7. Nh3 e5 8. Nf2 a6 9. Be2 Nh5 10. Qd2 f5 11. Bg5 Nhf6 12. Nd5 c6 13. Nxf6+ Bxf6 14. Bh6 Re8 15. exf5 gxf5 16. d5 Nc5 17. O-O cxd5 18.
cxd5 a5 19. Bc4 Kh8 20. Kh1 Rg8 21. Nd3 b6 22. Nxc5 bxc5 23. Rab1 f4 24. Bd3 Qe8 25. g4 fxg3 26. hxg3 Rxg3 27. Rf2 Qh5+ 28. Rh2 Qxf3+ 29. Rg2 Bh3 30. Bf1 Rag8 31. Kh2 Bxg2 32. Bf4 Rh3+ 33.
Kg1 Rh1# 0-1

[Event "*** Titled Tuesday Blitz"]
[Site "Chess.com"]
[Date "2020.03.03"]
[Round "8"]
[White "TigrVShlyape"]
[Black "AtabayevSaparmyrat"]
[Result "1-0"]
[WhiteElo "2895"]
[BlackElo "2795"]
[TimeControl "180+1"]
[EndTime "10:28:05 PST"]
[Termination "TigrVShlyape won by resignation"]

1. d4 Nf6 2. Nf3 d5 3. Bf4 Bf5 4. e3 e6 5. c4 c6 6. Nc3 Nbd7 7. Qb3 Qb6 8. c5 Qxb3 9. axb3 a6 10. h3 Rc8 11. b4 Be7 12. Nd2 Bd8 13. Nb3 Bc7 14. Bxc7 Rxc7 15. b5 Rc8 16. bxa6 bxa6 17. Bxa6 Rb8 18.
Na5 Rxb2 19. Nxc6 O-O 20. Ne7+ Kh8 21. Nxf5 exf5 22. O-O Nb8 23. Bd3 Rb3 24. Rfc1 g6 25. Rab1 Ra3 26. Bb5 Rc8 27. Na4 Rc7 28. Ra1 Rxa1 29.
Rxa1 Kg7 30. Nb6 Nc6 31. Bxc6 Rxc6 32. Ra7 g5 33. Nd7 Ne4 34. Ne5 Rf6 35. c6 Nd6 36.
Rd7 Kf8 37. Rxd6 Rxd6 38. c7 Rc6 39. Nxc6 1-0

[Event "*** Titled Tuesday Blitz"]
[Site "Chess.com"]
[Date "2020.03.03"]
[Round "8"]
[White "JSPrepz"]
[Black "Sibelephant"]
[Result "0-1"]
[WhiteElo "2749"]
[BlackElo "3043"]
[TimeControl "180+1"]
[EndTime "10:28:06 PST"]
[Termination "Sibelephant won by resignation"]

1. e4 c5 2. Nf3 a6 3. c3 d5 4.
exd5 Qxd5 5. d4 Bg4 6. Be2 e6 7. Na3 cxd4 8. cxd4 Bxa3 9. bxa3 Ne7 10. O-O O-O 11.
Rb1 b5 12. h3 Bf5 13. Rb3 Nbc6 14. Rc3 Rfd8 15. Be3 Qxa2 16. Nh4 Be4 17. Bf3 Qd5 18. Bxe4 Qxe4 19. Nf3 Nd5 20. Rb3 Na5 21. Rd3 Nc4 22.
Bc1 Nf4 23. Bxf4 Qxf4 24. d5 Nb2 25. Rd4 Nxd1 26. Rxf4 Nc3 27. Re1 Nxd5 28. Rg4 h6 29. Ne5 Rac8 30. Rg3 Rc3 31. Re4 Rxg3 32. fxg3 Rc8 33.
Kh2 Kf8 34. g4 Ke7 35. h4 Rc3 36. g5 hxg5 37. hxg5 Rxa3 38. g6 fxg6 39. Nxg6+ Kd6 40. Nf8 e5 41. Ng6 Nf6 42. Re1 e4 43. g3 b4 44.
Rd1+ Kc5 45. Nf4 Ng4+ 46. Kh3 Nf2+ 0-1

[Event "*** Titled Tuesday Blitz"]
[Site "Chess.com"]
[Date "2020.03.03"]
[Round "8"]
[White "Spring199"]
[Black "maestroza"]
[Result "0-1"]
[WhiteElo "2261"]
[BlackElo "2470"]
[TimeControl "180+1"]
[EndTime "10:28:07 PST"]
[Termination "maestroza won by resignation"]

1. d4 Nf6 2. c4 e6 3. Nf3 Bb4+ 4. Nbd2 O-O 5. g3 d5 6. Bg2 dxc4 7. O-O b5 8. a4 c6 9. Ne5 Nd5 10. axb5 cxb5 11. Ndf3 Bb7 12. e4 Nf6 13. Nd2 Bxd2 14. Bxd2 Bxe4 15. Bxe4 Nxe4 16. Bb4 Re8 17. Qf3 f5 18.
Qh5 Re7 19. Bxe7 Qxe7 20. Rfe1 Nd7 21. Nc6 Qd6 22. Nxa7 Ndf6 23. Qf3 Qb6 24. Qa3 Qxd4 25. Red1 Qxf2+ 26. Kh1 Ng4 0-1

[Event "*** Titled Tuesday Blitz"]
[Site "Chess.com"]
[Date "2020.03.03"]
[Round "8"]
[White "ChessWarrior7197"]
[Black "Eltaj_Safarli"]
[Result "0-1"]
[WhiteElo "2914"]
[BlackElo "3053"]
[TimeControl "180+1"]
[EndTime "10:28:16 PST"]
[Termination "Eltaj_Safarli won by resignation"]

1. e4 e5 2. Nf3 Nc6 3. Bb5 a6 4. Ba4 d6 5. O-O Bd7 6. d4 exd4 7. Nxd4 b5 8. Nxc6 Bxc6 9. Bb3 Nf6 10. Nc3 Be7 11.
Re1 O-O 12. Nd5 Nxd5 13. exd5 Bd7 14. Be3 Bf6 15. Bd4 Re8 16. Rxe8+ Bxe8 17. a4 Bd7 18. axb5 Bxd4 19. Qxd4 axb5 20. Re1 h6 21. h3 Qg5 22.
Qc3 b4 23. Qe3 Re8 24. Qxe8+ Bxe8 25. Rxe8+ Kh7 26. Re3 Qf6 27. c3 g6 28. Ba4 Qf5 29. Bc6 Qb1+ 30. Kh2 b3 31. c4 Qxb2 32. Ba4 Qxf2 33.
Rf3 Qd4 34. Bxb3 Kg7 35. g4 h5 36. gxh5 gxh5 37. Kg2 h4 38. Kf1 Qe4 39. Kf2 Kg6 40. Re3 Qf4+ 41. Ke2 f5 42. Kd3 Qf2 43. Bd1 f4 44.
Re6+ Kg5 45. Bg4 f3 46. Re3 Kf4 47. Rxf3+ Qxf3+ 48. Bxf3 Kxf3 49. Kd4 Kg3 50. Ke3 Kxh3 51. Kf3 Kh2 0-1

[Event "*** Titled Tuesday Blitz"]
[Site "Chess.com"]
[Date "2020.03.03"]
[Round "8"]
[White "SubrotaBiswas"]
[Black "Safar_From_Afar"]
[Result "1-0"]
[WhiteElo "2470"]
[BlackElo "2141"]
[TimeControl "180+1"]
[EndTime "10:28:19 PST"]
[Termination "SubrotaBiswas won on time"]

1. e4 c5 2. Nf3 Nc6 3. Bb5 g6 4. O-O Bg7 5. Re1 Nf6 6. Nc3 O-O 7. e5 Ng4 8. Bxc6 dxc6 9. d3 Qc7 10. Bf4 Be6 11.
Qd2 g5 12. Bxg5 Nxe5 13. Nxe5 Bxe5 14. Bh6 Bxh2+ 15. Kh1 Kh8 16. g3 Bxg3 17. fxg3 Qxg3 18. Bxf8 Bg4 19. Re3 Bf3+ 20. Rxf3 Qxf3+ 21. Qg2 Qh5+ 22. Qh2 Qf3+ 23. Qg2 Qh5+ 24. Kg1 Rxf8 25. Ne4 Rg8 26. Ng3 Qe5 27. Kh2 f5 28. Qf3 Qxb2 29. Rf1 Qxc2+ 30. Rf2 Qc1 31. Qxf5 Qh6+ 32. Kg2 Qg7 33. Rf3 Qg6 34.
Qe5+ Qg7 35. Qxc5 e5 36. Kf2 Rf8 37. Qxf8+ Qxf8 38. Rxf8+ Kg7 39. Rb8 1-0

[Event "*** Titled Tuesday Blitz"]
[Site "Chess.com"]
[Date "2020.03.03"]
[Round "8"]
[White "Tjktiger"]
[Black "Ali_rastbod"]
[Result "1-0"]
[WhiteElo "2803"]
[BlackElo "2657"]
[TimeControl "180+1"]
[EndTime "10:28:21 PST"]
[Termination "Tjktiger won by resignation"]

1. c4 g6 2. d4 Bg7 3. Nf3 d6 4.
Nc3 Bg4 5. g3 Bxf3 6. exf3 e6 7.
d5 e5 8. Bh3 Na6 9. O-O Ne7 10.
Qa4+ Kf8 11. f4 Nc5 12. Qc2 a5 13. fxe5 Bxe5 14. Bh6+ Bg7 15. Qd2 Ng8 16. Bg5 Bf6 17. Be3 Kg7 18. Rfe1 h5 19. Rab1 Nh6 20. a3 Ng4 21.
Bxg4 hxg4 22. b4 axb4 23. axb4 Nd7 24. Bd4 Bxd4 25. Qxd4+ Qf6 26. Qxf6+ Kxf6 27. Re4 Ne5 28. Kg2 Ra3 29. Nb5 Ra2 30. Nxc7 Nf3 31. Rh1 Kg5 32.
h4+ Kh5 33. Nb5 f5 34. Re7 Kh6 35. Nxd6 Rf8 36. Nf7+ Kh5 37. Ne5 Kh6 38. Nxf3 gxf3+ 39. Kxf3 1-0

[Event "*** Titled Tuesday Blitz"]
[Site "Chess.com"]
[Date "2020.03.03"]
[Round "8"]
[White "Mikedannnn"]
[Black "silverback96"]
[Result "1-0"]
[WhiteElo "2533"]
[BlackElo "1982"]
[TimeControl "180+1"]
[EndTime "10:28:21 PST"]
[Termination "Mikedannnn won by checkmate"]

1. e4 e6 2. d4 d5 3. Nc3 Nf6 4. e5 Nfd7 5. f4 c5 6. Nf3 Nc6 7. Be3 Be7 8. Qd2 O-O 9. Be2 a6 10. O-O b5 11. a3 Bb7 12. dxc5 Nxc5 13. Nd4 Rc8 14. b4 Na4 15. Nxa4 bxa4 16. Nxc6 Rxc6 17.
Bd4 Qc7 18. Bd3 f5 19. g4 Qc8 20. Qg2 Kh8 21. Kh1 Rc7 22. Rf3 Bc6 23. Rg1 Bd8 24. Rh3 Bb5 25. gxf5 Bxd3 26. cxd3 Rxf5 27. Qg6 h6 28. Qe8+ Kh7 29. Rxh6+ gxh6 30. Qg8# 1-0

[Event "*** Titled Tuesday Blitz"]
[Site "Chess.com"]
[Date "2020.03.03"]
[Round "8"]
[White "Terao90"]
[Black "dusanacns"]
[Result "0-1"]
[WhiteElo "2406"]
[BlackElo "2629"]
[TimeControl "180+1"]
[EndTime "10:28:23 PST"]
[Termination "dusanacns won on time"]

1. g3 d6 2. Bg2 Nf6 3. Nf3 g6 4. c4 Bg7 5. O-O O-O 6. Nc3 Nc6 7. d3 e5 8. Rb1 a5 9. a3 h6 10. b4 axb4 11. axb4 Be6 12. b5 Ne7 13. Bd2 Qd7 14.
Ne1 Bh3 15. e4 Nh7 16. Nc2 Bxg2 17. Kxg2 f5 18. f3 f4 19. Nb4 Ng5 20. g4 h5 21.
h3 Kf7 22. Rh1 Rh8 23. Qe2 c6 24. h4 Nxf3 25. Qxf3 hxg4 26. Qf2 Bf6 27. Qb6 Bxh4 28. bxc6 bxc6 29. c5 f3+ 30. Kf1 g3 0-1